 Dungeon Crawl Stone Soup version 0.29-a0-1027-gcd8c55af63 (webtiles) character file.

Game seed: 13335833563652612968

685 Newt the Skirmisher (level 7, -1/40 HPs)
             Began as a Kobold Hunter on Aug 12, 2022.
             Was an Initiate of Hepliaklqana.
             Slain by a gnoll
             ... wielding a +0 halberd
              (5 damage)
             ... on level 5 of the Dungeon.
             The game lasted 00:07:02 (5208 turns).

Newt the Skirmisher (Kobold Hunter)                 Turns: 5208, Time: 00:07:03

Health: -1/40      AC: 13    Str: 10    XL:     7   Next: 93%
Magic:  7/7        EV:  8    Int: 10    God:    Hepliaklqana [......]
Gold:   280        SH:  0    Dex: 19    Spells: 6/6 levels left

rFire   . . .      SeeInvis .   a - +1 shortbow
rCold   . . .      Faith    .   (shield currently unavailable)
rNeg    . . .      Spirit   .   r - +0 chain mail
rPois   +          Reflect  .   (no helmet)
rElec   .          Harm     .   m - +1 cloak
rCorr   .          Rampage  .   t - +1 pair of gloves
Will    +....                   (no boots)
Stlth   ..........              k - amulet of the acrobat
HPRegen 0.13/turn               f - ring of willpower
MPRegen 0.10/turn               p - ring of poison resistance

@: no status effects
A: small, no large weapons, nightstalker 3
a: Renounce Religion


You were on level 5 of the Dungeon.
You worshipped Hepliaklqana.
Hepliaklqana was noncommittal.
You visited 2 branches of the dungeon, and saw 6 of its levels.

You collected 280 gold pieces.

Inventory:

Hand Weapons
 a - a +1 shortbow (weapon)
Armour
 c - a +0 leather armour
 m - a +1 cloak (worn)
 r - a +0 chain mail (worn)
 t - a +1 pair of gloves (worn)
Jewellery
 e - a ring of fire
 f - a ring of willpower (left hand)
 k - an amulet of the acrobat (around neck)
 p - a ring of poison resistance (right hand)
 u - a ring of fire
Wands
 w - a wand of paralysis (5)
Scrolls
 b - a scroll of immolation
 l - a scroll of vulnerability
 s - a scroll of teleportation
Potions
 d - 5 potions of degeneration
 g - a potion of curing
 h - a potion of flight {unknown}
 i - a potion of magic {unknown}
 j - 2 potions of lignification {unknown}
 o - a potion of heal wounds {unknown}
 z - a potion of berserk rage


   Skills:
 - Level 2.1 Fighting
 + Level 8.0 Ranged Weapons
 + Level 3.7 Armour
 + Level 6.1 Dodging
 - Level 1.3 Stealth


You had 6 spell levels left.
You didn't know any spells.
Your spell library contained the following spells:

 Spells                   Type           Power      Damage    Failure   Level
 Magic Dart               Conj           0%         1d3       100%        1
 Sting                    Tmut/Pois      0%         1d3       100%        1
 Call Imp                 Summ           0%         N/A       100%        2
 Poisonous Vapours        Pois/Air       0%         N/A       100%        2
 Mephitic Cloud           Conj/Pois/Air  0%         N/A       100%        3
 Anguish                  Hex/Necr       0%         N/A       100%        4
 Animate Dead             Necr           0%         N/A       100%        4
 Corpse Rot               Necr/Pois/Air  0%         N/A       100%        4
 Alistair's Intoxication  Tmut/Pois      0%         N/A       100%        5
 Borgnjor's Vile Clutch   Necr/Erth      0%         N/A       100%        5
 Lee's Rapid Deconstruct  Erth           0%         3d5*      100%        5
 Summon Forest            Summ/Tloc      0%         N/A       100%        5
 Summon Mana Viper        Hex/Summ       0%         N/A       100%        5
 Death Channel            Necr           0%         N/A       100%        6
 Summon Cactus Giant      Summ           0%         N/A       100%        6
 Enfeeble                 Hex            0%         N/A       100%        7


Dungeon Overview and Level Annotations

Branches:
Dungeon (5/15)             Temple (1/1) D:4

Altars:
Ashenzari
Dithmenos
Fedhas
Gozag
Hepliaklqana
Kikubaaqudgha
Makhleb
Okawaru
Qazlal
Ru
Trog
Vehumet
Wu Jian
Yredelemnul
Zin
The Shining One


Innate Abilities, Weirdness & Mutations

You are small and have problems with some larger weapons.
You are completely attuned to the shadows.


Message History

Press: ? - help, Shift-Dir - straight line, f/p - gnoll
Aim: a gnoll, wielding a +0 halberd (heavily wounded, 69% to hit)
You shoot an arrow. The arrow hits the gnoll!
You kill the gnoll!
The gnoll closely misses you. The gnoll barely misses you. x2
Unknown command.
Fire: a) +1 shortbow
Press: ? - help, Shift-Dir - straight line, f/p - gnoll
Aim: a gnoll, wielding a +0 halberd (heavily wounded, 69% to hit)
You shoot an arrow. The arrow hits the gnoll.
The gnoll is heavily wounded.
The gnoll closely misses you. The gnoll completely misses you.
The gnoll hits you from afar with a +0 halberd.
The gnoll hits you but does no damage.
Fire: a) +1 shortbow
Press: ? - help, Shift-Dir - straight line, f/p - gnoll
Aim: a gnoll, wielding a +0 halberd (heavily wounded, 69% to hit)
You shoot an arrow. The arrow hits the gnoll!
You kill the gnoll!
The gnoll hits you from afar with a +0 halberd!
* * * LOW HITPOINT WARNING * * *
The gnoll hits you from afar with a +0 halberd.
* * * LOW HITPOINT WARNING * * *
Your Ranged Weapons skill increases to level 8!
You feel better.
The gnoll hits you from afar with a +0 halberd!
* * * LOW HITPOINT WARNING * * *
Fire: a) +1 shortbow
Press: ? - help, Shift-Dir - straight line, f/p - gnoll
Aim: a gnoll, wielding a +0 halberd (heavily wounded, 70% to hit)
You shoot an arrow. The arrow barely misses the gnoll.
The gnoll hits you from afar with a +0 halberd.
* * * LOW HITPOINT WARNING * * *
Unknown command.
Fire: a) +1 shortbow
Press: ? - help, Shift-Dir - straight line, f/p - gnoll
Aim: a gnoll, wielding a +0 halberd (heavily wounded, 70% to hit)
You shoot an arrow. The arrow closely misses the gnoll.
The gnoll hits you from afar with a +0 halberd.
You die...

#.......##......##
##.................
...................
...................
##......>##........
#.......####+##.##
#.......##...##.##
#.................
#@................
..g)..........[......
..##.......##........
. #.......##........
#)......+.........
#.......#.........
#.(.)...###+###...
#...)... ####
#.......


You could see a gnoll.

Vanquished Creatures
  Sigmund (D:3)
  An orc warrior (D:5)
  A centaur (D:5)
  A gnoll bouda (D:4)
  3 orc wizards (D:5)
  An iguana (D:4)
  8 gnolls
  7 adders
  3 worms
  5 dart slugs
  4 orcs
  4 ball pythons
  3 bats
  4 endoplasms
  A giant cockroach (D:4)
  4 hobgoblins
  3 kobolds
  3 quokkas
  5 frilled lizards
  8 goblins
  7 rats
77 creatures vanquished.

Notes
Turn   | Place    | Note
-------+----------+-------------------------------------------
     0 | D:1      | Newt the Kobold Hunter began the quest for the Orb.
     0 | D:1      | Reached XP level 1. HP: 12/12 MP: 1/1
   127 | D:1      | Reached XP level 2. HP: 8/17 MP: 2/2
   354 | D:1      | Reached skill level 6 in Ranged Weapons
   710 | D:1      | Found a faded altar of an unknown god.
  1063 | D:2      | Found an ancient bone altar of Kikubaaqudgha.
  1070 | D:2      | Reached XP level 3. HP: 21/21 MP: 3/3
  1952 | D:2      | Reached skill level 7 in Ranged Weapons
  2175 | D:2      | Reached XP level 4. HP: 26/26 MP: 4/4
  2179 | D:2      | Reached skill level 1 in Armour
  2623 | D:3      | Noticed Sigmund
  2627 | D:3      | Killed Sigmund
  2628 | D:3      | Reached XP level 5. HP: 30/30 MP: 5/5
  2628 | D:3      | Reached XP level 6. HP: 35/35 MP: 6/6
  3299 | D:3      | Got the Incunable of Excavation and the Assassin
  3702 | D:4      | Reached skill level 5 in Dodging
  4003 | D:4      | Found a staircase to the Ecumenical Temple.
  4035 | Temple   | Entered the Ecumenical Temple
  4212 | Temple   | Became a worshipper of Hepliaklqana the Forgotten
  4289 | D:4      | Reached XP level 7. HP: 22/40 MP: 7/7
  4739 | D:5      | Entered Level 5 of the Dungeon
  4777 | D:5      | HP: 1/40 [centaur/arrow (2)]
  5205 | D:5      | HP: 2/40 [gnoll/+0 halberd (2)]
  5206 | D:5      | Reached skill level 8 in Ranged Weapons
  5208 | D:5      | Slain by a gnoll

Illustrated notes

Levels and vault maps discovered:
D:1:      dpeg_arrival_brainrot, layout_basic, ebering_ecumenical_altar_box,
          serial_forest, infiniplex_forest_straight_3,
          infiniplex_forest_clump_curved, infiniplex_forest_straight_2,
          infiniplex_forest_straight_3, infiniplex_forest_lined_3_way,
          infiniplex_forest_zigzag_1, infiniplex_forest_clump_diagonal,
          infiniplex_forest_zigzag_1
D:2:      layout_loops_corners, basic_altar, kennysheep_cross_bottleneck,
          minmay_misc_feat_rows, minmay_tetromino_i2
D:3:      layout_basic, uniq_sigmund
D:4:      layout_loops_ring, minmay_temple_entry_ruins
D:5:      layout_gridville, cheibrodos_sewer_entry_bend
Temple:   kb_temple_of_zot

Skill      XL: |  1  2  3  4  5  6  7 |
---------------+----------------------+-----
Ranged Weapons | 6 7 8 |  8.0
Armour         | 2 3 |  3.7
Dodging        | 4 5 6 |  6.1
Fighting       | |  2.1
Stealth        | |  1.3

Action                   |  1- 3 |  4- 6 |  7- 9 || total
-------------------------+-------+-------+-------++-------
 Fire: Shortbow          |    67 |    82 |    47 ||   196
Evoke: Wand              |       |       |     2 ||     2
  Use: Scroll            |     5 |     6 |     5 ||    16
       Potion            |       |       |     3 ||     3
Armor: Leather armour    |     5 |     1 |       ||     6
       Chain mail        |       |    19 |    39 ||    58
Dodge: Dodged            |    20 |    21 |    36 ||    77

Table legend: (Time is in decaauts)
 A = Elapsed time spent in this place.
 B = Non-inter-level travel time spent in this place.
 C = Inter-level travel time spent in this place.
 D = Time resting spent in this place.
 E = Time spent auto-exploring this place.
 F = Levels seen in this place.
 G = Mean time per level.
                   A        B        C        D        E       F      G
               +--------+--------+--------+--------+--------+-----+--------+
         Total |   5288 |   5129 |    159 |    758 |   3833 |   6 |  881.3 |
       Dungeon |   5093 |   4951 |    142 |    758 |   3682 |   5 | 1018.6 |
        Temple |    194 |    177 |     17 |      0 |    151 |   1 |  194.0 |
               +--------+--------+--------+--------+--------+-----+--------+

Top non-repeatable levels by time:
     D:2: 1440 daAuts
     D:4: 1188 daAuts
     D:1: 1055 daAuts
     D:3: 914 daAuts
     D:5: 494 daAuts
  Temple: 194 daAuts
